AoeStats
← adrazduarte

Fortress

510228970Analyzed
4v4 RM · 2d ago on Sep 30, 2026· 49m 5s· 8 players
Game mode
Random Map
Map size
Huge
Population
200
Speed
Normal
Resources
Standard
Victory
Conquest
Starting age
Dark Age
Ending age
Imperial Age
RankedLock teamsTeams togetherTeam positionsShared explorationLock speedFull tech treeHidden civsTurbo modeCheats
Victory
Defeat
🇲🇽 Burgundians · Mexico
992
+12
🇦🇷 Goths · Argentina
988
+12
🇦🇷 Franks · Argentina
928
+15
🇹🇷 Chinese · Türkiye
825
+19
🇺🇸 Wei · United States
951
-17
🇲🇽 Varangians · Mexico
892
-14
🇺🇸 Byzantines · United States
881
-14
🇺🇸 Vietnamese · United States
869
-13
luonghvo
6:12 Loom
8:37 Feudal Age
9:26 Double-Bit Axe
9:25 Horse Collar
16:00 Castle Age
14:34 Padded Archer Armor
14:40 Fletching
16:57 Bodkin Arrow
17:22 Bow Saw
17:23 Heavy Plow
17:07 Pikeman
19:38 Leather Archer Armor
22:29 Thumb Ring
23:09 Elite Skirmisher
27:48 Gold Mining
27:49 Stone Mining
28:29 Squires
28:15 Arson
28:42 Forging
28:33 Scale Mail Armor
29:48 Town Watch
31:34 Ballistics
34:19 Iron Casting
34:00 Chain Mail Armor
35:02 Murder Holes
37:28 Wheelbarrow
38:36 Stone Shaft Mining
granttheath
7:00 Feudal Age
7:26 Double-Bit Axe
7:23 Horse Collar
8:57 Gold Mining
14:00 Castle Age
15:43 Bow Saw
15:39 Heavy Plow
15:30 Loom
16:33 Scale Barding Armor
16:39 Forging
18:05 Wheelbarrow
21:55 Husbandry
24:18 Bloodlines
24:15 Scale Barding Armor
24:21 Forging
28:12 Gold Shaft Mining
27:27 Stone Mining
27:21 Light Cavalry
32:50 Chain Barding Armor
Mono de Guayaba
6:23 Loom
8:09 Feudal Age
7:00 Loom
8:45 Feudal Age
14:38 Castle Age
12:53 Double-Bit Axe
12:50 Horse Collar
13:02 Gold Mining
13:51 Wheelbarrow
13:03 Town Watch
14:30 Scale Barding Armor
15:08 Bloodlines
15:35 Husbandry
15:45 Light Cavalry
20:22 Bow Saw
20:22 Heavy Plow
21:10 Hand Cart
27:32 Chain Barding Armor
27:23 Forging
30:30 Iron Casting
29:19 Vendel Legacy
32:57 Squires
32:43 Gambesons
32:44 Arson
34:50 Scale Mail Armor
38:06 Imperial Age
35:56 Town Patrol
37:53 Chain Mail Armor
38:09 Gothikon
39:27 Elite Varangian Guard
41:37 Blast Furnace
41:08 Plate Mail Armor
41:14 Plate Barding Armor
41:46 Hussar
jeremy.z
0:58 Loom
8:41 Feudal Age
14:03 Castle Age
12:17 Double-Bit Axe
13:58 Gold Mining
21:00 Imperial Age
18:20 Treadmill Crane
19:23 Fletching
20:17 Stone Mining
23:22 Conscription
23:42 Ballistics
26:55 Wheelbarrow
26:30 Pikeman
30:17 Chemistry
30:30 Bodkin Arrow
31:19 Thumb Ring
32:24 Crossbowman
34:05 Murder Holes
37:52 Husbandry
adrazduarte
7:29 Feudal Age
6:12 Double-Bit Axe
11:44 Castle Age
9:53 Double-Bit Axe
9:52 Horse Collar
11:13 Bow Saw
13:51 Loom
18:26 Wheelbarrow
26:08 Imperial Age
24:02 Forging
24:35 Husbandry
27:22 Iron Casting
29:13 Blast Furnace
29:49 Scale Barding Armor
31:43 Conscription
30:58 Cavalier
32:15 Stone Mining
33:17 Chain Barding Armor
35:48 Plate Barding Armor
35:58 Paladin
38:12 Gold Mining
40:16 Light Cavalry
44:59 Fletching
44:33 Elite Coustillier
45:24 Burgundian Vineyards
45:56 Hoardings
45:37 Hand Cart
45:09 Town Watch
45:26 Scale Mail Armor
45:56 Illumination
45:19 Spies/Treason
PiriFeyiz
1:33 Loom
9:03 Feudal Age
11:20 Double-Bit Axe
15:24 Castle Age
24:19 Wheelbarrow
23:56 Bow Saw
23:38 Gold Mining
23:38 Stone Mining
31:58 Imperial Age
29:54 Pikeman
32:49 Gold Shaft Mining
36:35 Ballistics
36:26 Fortified Wall
37:17 Chemistry
38:20 Hand Cart
39:28 Elite Fire Lancer
39:41 Heavy Rocket Cart
Guigui
8:07 Feudal Age
14:56 Castle Age
16:44 Husbandry
19:20 Forging
19:15 Scale Barding Armor
21:45 Wheelbarrow
25:36 Imperial Age
23:58 Iron Casting
23:43 Chain Barding Armor
27:27 Fletching
29:13 Chemistry
28:10 Bodkin Arrow
30:26 Hand Cart
31:52 Blast Furnace
31:12 Chain Barding Armor
32:56 Double-Bit Axe
32:53 Cavalier
34:42 Ordonnance Companies
49:52 Plate Barding Armor
davidAOE
1:12 Loom
7:19 Feudal Age
7:58 Horse Collar
8:06 Double-Bit Axe
13:35 Castle Age
12:31 Gold Mining
14:36 Heavy Plow
15:20 Forging
22:01 Bow Saw
22:11 Scale Mail Armor
23:53 Chain Mail Armor
24:42 Anarchy
25:01 Squires
25:39 Wheelbarrow
24:49 Town Watch
29:01 Imperial Age
26:26 Fletching
26:13 Pikeman
28:00 Iron Casting
29:25 Halberdier
29:29 Elite Huskarl
31:24 Crop Rotation
32:58 Blast Furnace
32:15 Perfusion
32:12 Stone Mining
32:55 Conscription
33:53 Two-Man Saw
35:40 Hand Cart
39:13 Coinage
47:05 Spies/Treason
Connection lost

Rejoining the realm…

Still unreachable

The connection could not be restored.

Session expired

The server has moved on; the page needs a fresh start.